 Dungeon Crawl Stone Soup version 0.31-a0-880-g9a209b2425 (webtiles) character file.

Game seed: 13337670397150460481

102 BinkBink the Changeling (level 4, -2/34 HPs)
             Began as a Merfolk Shapeshifter on Oct 14, 2023.
             Slain by a gnoll
             ... wielding a +1 vampiric halberd
              (11 damage)
             ... on level 3 of the Dungeon.
             The game lasted 00:03:40 (2024 turns).

BinkBink the Changeling (Merfolk Shapeshifter)      Turns: 2024, Time: 00:03:40

Health: -2/34      AC:  2    Str: 14    XL:     4   Next: 77%
Magic:  4/4        EV: 13    Int:  9    God:
Gold:   100        SH:  0    Dex: 15    Spells: 3/3 levels left

rFire   . .          .
                       - Unarmed
rCold   . . .        (no shield)
rNeg    + . .        a - +0 animal skin
rPois   .            (helmet currently unavailable)
rElec   .            (cloak currently unavailable)
rCorr   +            (gloves currently unavailable)
SInv    .            (boots currently unavailable)
Will    .....        e - amulet of faith
Stlth   +            i - ring of positive energy
HPRegen 0.25/turn    m - ring of resist corrosion
MPRegen 0.09/turn

%: faith
@: confused, beast-form, ambrosia-drunk
A: beast (slay +2), (nimble swimmer 2), mertail
a: Begin Untransformation


You were on level 3 of the Dungeon.
You were a hulking beast.
You visited 1 branch of the dungeon, and saw 3 of its levels.

You collected 100 gold pieces.

Inventory:

Armour
 a - a +0 animal skin (worn)
 f - a +0 pair of boots
Jewellery
 e - an amulet of faith (around neck)
 i - a ring of positive energy (left hand)
 m - a ring of resist corrosion (right hand)
Talismans
 c - a beast talisman (active)
 d - a flux talisman
Scrolls
 g - 2 scrolls of blinking {unknown}
 h - a scroll of teleportation {unknown}
 k - a scroll of amnesia {unknown}
 l - a scroll of revelation {unknown}
 n - a scroll of identify {unknown}
 o - a scroll of noise {unknown}
Potions
 b - 2 potions of lignification


   Skills:
 * Level 2.8 Fighting
 * Level 4.2 Dodging
 + Level 3.8 Unarmed Combat
 + Level 4.5 Shapeshifting


You had 3 spell levels left.
You didn't know any spells.
Your spell library contained the following spells:

 Spells                   Type           Power      Damage    Failure   Level
 Sandblast                Erth           0%         2d4       38%         1
 Passwall                 Tmut/Erth      0%         N/A       52%         2
 Stone Arrow              Conj/Erth      0%         3d7       77%         3
 Brom's Barrelling Bould  Conj/Erth      0%         2d3       99%         4


Dungeon Overview and Level Annotations

Branches:
Dungeon (3/15)

Altars:

Shops:
D:1 ?

Annotations:
D:2 Natasha


Innate Abilities, Weirdness & Mutations

You are a hulking beast.
Your limbs bulge with bestial killing power. (Slay +2)
((You are very nimble when in or above water. (Stealth+, EV+, Speed+++)))
Your lower body shifts to a powerful aquatic tail in water.


Message History

The gnoll shouts!
Things that are here:
a +0 club; a +0 club; a goblin corpse The gnoll hits you from afar with a +0 spear.
Things that are here:
a +0 club; a +0 club; a goblin corpse The gnoll attacks as it pursues you!
The gnoll hits you from afar with a +0 spear.
The gnoll hits you with a +0 spear!
You hit the gnoll.
The gnoll is lightly wounded.
The gnoll closely misses you.
You hit the gnoll.
The gnoll is moderately wounded.
You closely miss the gnoll.
The gnoll is moderately wounded.
The gnoll hits you with a +0 spear.
You barely miss the gnoll.
The gnoll is moderately wounded.
The gnoll hits you with a +0 spear.
* * * LOW HITPOINT WARNING * * *
You hit the gnoll.
The gnoll is severely wounded.
You hit the gnoll.
The gnoll is moderately wounded.
The gnoll barely misses you.
You hit the gnoll.
The gnoll is heavily wounded.
The gnoll barely misses you.
The gnoll hits you from afar with a +0 spear.
* * * LOW HITPOINT WARNING * * *
The gnoll attacks as it pursues you! The gnoll hits you with a +0 whip!
* * * LOW HITPOINT WARNING * * *
Okay, then.
It was a potion of ambrosia.
You are confused.
You feel invigorated. The gnoll misses you. The gnoll closely misses you.
The gnoll barely misses you.
The gnoll hits you from afar with a +1 vampiric halberd!
You die...

# #.# #.#.#.#
#.#.###.#.#.###.# .
#.#.......g.....# ..
#.#.###.#g#........
...####.##### #g#####....
........#... #.# ...
........#.#####.#####....
.........gggg......)..# #
###.....#h#####.......#
#####.#.# #######.# #.#..
#.#### #.# ... #.#


You could see 4 gnolls.

Vanquished Creatures
  Natasha (twice) (D:2)
  An adder (D:2)
  2 dart slugs
  An orc (D:3)
  6 ball pythons
  A bat (D:2)
  4 endoplasms
  2 giant cockroaches (D:1)
  5 goblins
  4 hobgoblins
  4 kobolds
  A quokka (D:2)
  2 frilled lizards (D:2)
  3 rats
38 creatures vanquished.

Notes
Turn   | Place    | Note
-------+----------+-------------------------------------------
     0 | D:1      | BinkBink the Merfolk Shapeshifter began the quest for the
                  | Orb.
     0 | D:1      | Reached XP level 1. HP: 15/15 MP: 1/1
   152 | D:1      | Reached XP level 2. HP: 21/21 MP: 2/2
   448 | D:1      | Found a faded altar of an unknown god.
   483 | D:1      | Found Nylel's Magic Scroll Emporium.
   605 | D:2      | You fall into a shaft and drop 1 floor!
   725 | D:2      | Reached XP level 3. HP: 5/27 MP: 3/3
   729 | D:2      | HP: 1/27 [poisoned by an adder]
  1267 | D:2      | Noticed Natasha
  1276 | D:2      | Killed Natasha
  1277 | D:2      | Reached XP level 4. HP: 13/34 MP: 4/4
  1339 | D:2      | Noticed Natasha
  1348 | D:2      | Killed Natasha
  1690 | D:2      | Noticed Natasha
  2022 | D:3      | HP: 1/34 [gnoll/+0 whip (7)]
  2024 | D:3      | Slain by a gnoll

Illustrated notes

Levels and vault maps discovered:
D:1:      orjb1_lava_funnel, layout_basic, serial_shops,
          nicolae_shop_tiny_glass, dilly_ecumenical_altar_fadedgnrine
D:2:      layout_loops_ring, nicolae_figureground_pulse, uniq_natasha
D:3:      layout_basic, mainiacjoe_overflow_alcove_4, lemuel_crystal_altar,
          uniq_ijyb

Skill      XL: |  1  2  3  4 |
---------------+-------------+-----
Dodging        | 3 4 |  4.2
Fighting       | 2 |  2.8
Unarmed Combat | |  3.8
Shapeshifting  | |  4.5

Action                     |  1- 3 |  4- 6 || total
---------------------------+-------+-------++-------
  Melee: Unarmed           |    80 |    58 ||   138
         Punch             |       |     2 ||     2
    Use: Potion            |       |     1 ||     1
   Stab: Sleeping          |     2 |     1 ||     3
 Armour: Animal skin       |    31 |    27 ||    58
  Dodge: Dodged            |    46 |    42 ||    88

Table legend: (Time is in decaauts)
 A = Elapsed time spent in this place.
 B = Non-inter-level travel time spent in this place.
 C = Inter-level travel time spent in this place.
 D = Time resting spent in this place.
 E = Time spent auto-exploring this place.
 F = Levels seen in this place.
 G = Mean time per level.
                   A        B        C        D        E       F      G
               +--------+--------+--------+--------+--------+-----+--------+
         Total |   2012 |   1913 |     99 |    391 |   1221 |   3 |  670.7 |
       Dungeon |   2012 |   1913 |     99 |    391 |   1221 |   3 |  670.7 |
               +--------+--------+--------+--------+--------+-----+--------+

Top non-repeatable levels by time:
     D:2: 1050 daAuts
     D:1: 573 daAuts
     D:3: 388 daAuts
